Construct Section Command Post
Selects Heavy Armor Battlegroup
Construct Platoon Command Post
6-pounder Anti-tank Gun Team
Unlock Bishop Self-propelled Artillery
Selects Engineer Detachments
Bishop Self-propelled Artillery
Construct Field Infirmary
Selects Forward Repair Assembly
Selects UNKNOWN (2162094)
Construct Company Command Post
Selects Light Vehicle Withdraw and Refit
Selects Designate Targets
6-pounder Anti-tank Gun Team
6-pounder Anti-tank Gun Team
Unlock Towed 17-pounder Anti-tank Guns
17-pounder Anti-tank Gun Team